 Dungeon Crawl Stone Soup version 0.16.1-11-g651b585 (webtiles) character file.

803 KarvaRausku the Conjurer (level 7, -5/50 HPs)
             Began as a Green Draconian Conjurer on Apr 7, 2015.
             Was an Initiate of Sif Muna.
             Killed from afar by an orc wizard (8 damage)
             ... with a magic dart
             ... on level 5 of the Dungeon.
             The game lasted 00:16:49 (5113 turns).

KarvaRausku the Conjurer (Green Draconian Conjurer) Turns: 5113, Time: 00:16:49

Health: -5/50      AC: 10    Str: 10    XL:     7   Next: 59%
Magic:  5/18       EV: 13    Int: 17    God:    Sif Muna [......]
Gold:   252        SH:  0    Dex: 12    Spells: 4 memorised, 5 levels left

rFire  . . .     SeeInvis .     (no weapon)
rCold  + . .     Clarity  .     (armour unavailable)
rNeg   . . .     SustAb   .     (no shield)
rPois  +         Gourm    .     (helmet restricted)
rElec  .         Spirit   .     t - +0 cloak
rCorr  .         Warding  .     (no gloves)
rMut   .         Stasis   .     (no boots)
MR     .....                    (no amulet)
Stlth  ++........               h - +3 ring of protection
                                y - ring of protection from cold (curse)

@: not resistant to hostile enchantments, unstealthy
A: breathe noxious fumes, unfitting armour, poison resistance, cold-blooded, AC
+6
a: Breathe Noxious Fumes, Renounce Religion


You were on level 5 of the Dungeon.
You worshipped Sif Muna.
Sif Muna was noncommittal.
You were not hungry.

You visited 2 branches of the dungeon, and saw 7 of its levels.

You collected 252 gold pieces.

Inventory:

Armour
 t - a +0 cloak (worn)
 z - a +0 shield
Jewellery
 g - an uncursed ring of poison resistance
 h - a +3 ring of protection (right hand)
 n - an uncursed ring of teleportation
 s - an uncursed ring of protection from fire
 y - a cursed ring of protection from cold (left hand)
 A - an uncursed ring of protection from fire
Scrolls
 a - a scroll of enchant armour {unknown}
 d - 3 scrolls of magic mapping {unknown}
 f - 2 scrolls of fear {unknown}
 i - 6 scrolls of identify {unknown}
 j - a scroll of amnesia {unknown}
 l - 2 scrolls of blinking {unknown}
 r - a scroll of teleportation {unknown}
 w - 2 scrolls of noise {unknown}
Potions
 e - a potion of brilliance {unknown}
 k - 2 potions of heal wounds {unknown}
 m - 3 potions of poison {unknown}
 o - a potion of cancellation {unknown}
 p - 3 potions of invisibility {unknown}
 q - a potion of degeneration {unknown}
 u - a potion of lignification {unknown}
 v - 2 potions of restore abilities {unknown}
 x - 3 potions of curing {unknown}
 B - a potion of might {unknown}
 D - a potion of magic {unknown}
Books
 c - a book of Conjurations

   Spells                             Type                      Level
   a - Magic Dart                     Conjuration                  1
   b - Searing Ray                    Conjuration                  2
   c - Dazzling Spray                 Conjuration/Hexes            3
   d - Fulminant Prism                Conjuration/Hexes            4
   e - Iskenderun's Mystic Blast      Conjuration                  4
   f - Iskenderun's Battlesphere      Conjuration/Charms           5
Comestibles
 b - 2 bread rations
 C - a beef jerky
 E - a slice of pizza
 F - a chunk of flesh


   Skills:
 + Level 2.9 Dodging
 + Level 3.1 Stealth
 * Level 5.0 Spellcasting
 * Level 6.1 Conjurations
 + Level 2.0 Hexes
 + Level 1.5 Charms


You had 5 spell levels left.
You knew the following spells:

 Your Spells              Type           Power        Failure   Level  Hunger
a - Magic Dart            Conj           ####         1%          1    None
b - Dazzling Spray        Conj/Hex       ###.....     10%         3    ###....
c - Searing Ray           Conj           ####..       1%          2    #......
d - Iskenderun's Battles  Conj/Chrm      ###.....     82%         5    ######.


Dungeon Overview and Level Annotations

Branches:
Dungeon (6/15)             Temple (1/1) D:6

Altars:
Ashenzari
Cheibriados
Dithmenos
Kikubaaqudgha
Nemelex Xobeh
Ru
Sif Muna
Trog
Vehumet
Yredelemnul


Innate Abilities, Weirdness & Mutations

You can breathe blasts of noxious fumes.
Your lurid green scales are hard (AC +6).
Your body does not fit into most forms of armour.
Your system is resistant to poisons.
Your cold-blooded metabolism reacts poorly to cold.


Message History

The iguana is heavily wounded.
The orc wizard casts a spell.
The orc wizard flickers and vanishes!
Deactivating autopickup; reactivate with Ctrl-A.
Casting: Searing Ray
Confirm with . or Enter, or press ? or * to list all spells.
Aiming: Searing Ray
Press: ? - help, Shift-Dir - straight line, p - iguana The searing ray misses the iguana.
The searing ray hits something.
The orc wizard gestures at you while chanting.
The magic dart hits you! The iguana bites you!
The searing ray misses the iguana.
The searing ray hits something.
The iguana bites you!
* * * LOW HITPOINT WARNING * * *
The searing ray hits the iguana.
You kill the iguana!
Your Spellcasting skill increases to level 5!
The orc wizard points at you and mumbles some strange words.
The magic dart hits you!
You die...

#...###.#####
#.###.##..)....
... #.....# #.#
#.#...# #.
#...##...# #
#..hr..(.#
....###.#{#
#... #.#># ..#
#.#@# . #.#.#
#.#.# ..#o#
#..# .## #. #.
###.#######


You could see an orc wizard.

Vanquished Creatures
  An ogre (D:3)
  A sky beast (D:3)
  3 centaurs
  2 crimson imps
  A hound (D:4)
  An orc priest (D:4)
  2 iguanas
  A worker ant (D:4)
  An orc wizard (D:2)
  A mummy (D:6)
  3 gnolls (D:4)
  An adder (D:2)
  3 worms
  2 adder skeletons
  3 giant geckos
  An ooze (D:4)
  7 orcs
  A ball python (D:3)
  A bat skeleton (D:4)
  9 goblins
  5 hobgoblins
  5 jackals
  12 kobolds
  14 bats
  A giant cockroach (D:5)
  9 giant newts
  A giant spore (D:6)
  10 rats
102 creatures vanquished.

Notes
Turn   | Place    | Note
--------------------------------------------------------------
     0 | D:1      | KarvaRausku, the Draconian Conjurer, began the quest for the Orb.
     0 | D:1      | Reached XP level 1. HP: 14/14 MP: 3/3
   359 | D:1      | Reached XP level 2. HP: 20/20 MP: 0/5
   973 | D:2      | Found a sacrificial altar of Ru.
   997 | D:2      | Reached XP level 3. HP: 19/26 MP: 1/8
  1254 | D:2      | Learned a level 3 spell: Dazzling Spray
  1257 | D:2      | Learned a level 2 spell: Searing Ray
  1277 | D:2      | Found a shattered altar of Ashenzari.
  1542 | D:2      | Reached XP level 4. HP: 33/33 MP: 1/9
  1909 | D:3      | Noticed a sky beast
  1937 | D:3      | Killed a sky beast
  1937 | D:3      | Reached skill level 1 in Hexes
  1937 | D:3      | Reached XP level 5. HP: 19/38 MP: 0/11
  2204 | D:3      | Found a shadowy altar of Dithmenos.
  2209 | D:3      | Noticed a centaur
  2216 | D:3      | Noticed an ogre
  2579 | D:3      | Killed a centaur
  2579 | D:3      | Reached skill level 5 in Conjurations
  3020 | D:3      | Killed an ogre
  3020 | D:3      | Reached XP level 6. HP: 7/45 MP: 6/15
  3313 | D:3      | Learned a level 5 spell: Iskenderun's Battlesphere
  4183 | D:4      | Your scales start taking on a lurid green colour.
  4183 | D:4      | Gained mutation: Your system is resistant to poisons. [draconian maturity]
  4183 | D:4      | Reached XP level 7. HP: 45/50 MP: 5/17
  4204 | D:4      | Found a snail-covered altar of Cheibriados.
  4349 | D:5      | Entered Level 5 of the Dungeon
  4405 | D:5      | Reached skill level 1 in Charms
  4921 | D:6      | Found a staircase to the Ecumenical Temple.
  4933 | Temple   | Entered the Ecumenical Temple
  5023 | Temple   | Became a worshipper of Sif Muna the Loreminder
  5104 | D:5      | Reached skill level 6 in Conjurations
  5113 | D:5      | Reached skill level 5 in Spellcasting
  5113 | D:5      | Killed from afar by an orc wizard

Action                   |  1- 3 |  4- 6 |  7- 9 || total
-------------------------+-------+-------+-------++-------
Melee: Unarmed           |    15 |    18 |     7 ||    40
 Cast: Magic Dart        |    58 |    91 |    31 ||   180
       Searing Ray       |     1 |    12 |     8 ||    21
 Abil: Breathe Noxious F |       |       |     1 ||     1
  Use: Scroll            |       |     2 |       ||     2
  Eat: Chunk             |     2 |     9 |     3 ||    14
